AoeStats
← 一剑扫秋风nelson

Hill Fort

504171195Analyzed
4v4 RM · 28d ago on Sep 4, 2026· 47m 47s· 8 players
Game mode
Random Map
Map size
Large (8 player)
Population
200
Speed
Normal
Resources
Standard
Victory
Conquest
Starting age
Dark Age
Ending age
Imperial Age
RankedLock teamsTeams togetherTeam positionsShared explorationLock speedFull tech treeHidden civsTurbo modeCheats
Victory
Defeat
🇨🇳 Mapuche · China
1758
+15
🇺🇦 Slavs · Ukraine
1707
+18
🇬🇪 Spanish · Georgia
1707
+18
🇲🇽 Cumans · Mexico
1663
+20
🇺🇸 Japanese · United States
1952
-27
🇻🇳 Italians · Vietnam
1781
-19
🇻🇳 Spanish · Vietnam
1757
-18
🇻🇳 Cumans · Vietnam
1494
-7
eL| Barry_Allen
8:25 Feudal Age
9:07 Double-Bit Axe
9:18 Horse Collar
11:28 Loom
12:57 Town Watch
21:20 Castle Age
20:25 Wheelbarrow
20:46 Bloodlines
21:52 Scale Barding Armor
23:20 Chain Barding Armor
23:12 Bow Saw
25:28 Heavy Plow
27:02 Hand Cart
27:14 Forging
26:55 Fletching
27:15 Forging
27:46 Gold Mining
27:47 Stone Mining
30:30 Iron Casting
30:11 Light Cavalry
34:27 Imperial Age
33:37 Gold Shaft Mining
34:52 Cavalier
37:14 Plate Barding Armor
37:30 Conscription
36:36 Paladin
38:29 Two-Man Saw
37:24 Hussar
39:21 Hoardings
40:05 Blast Furnace
39:02 Bodkin Arrow
40:18 Steppe Husbandry
40:18 Cuman Mercenaries
41:44 Padded Archer Armor
43:55 Leather Archer Armor
44:10 Ballistics
44:51 Chemistry
43:47 Murder Holes
44:02 Masonry
45:39 Ring Archer Armor
46:06 Parthian Tactics
45:47 Thumb Ring
46:11 Elite Kipchak
一剑扫秋风nelson
10:05 Feudal Age
10:27 Loom
20:19 Castle Age
18:42 Gold Mining
18:46 Double-Bit Axe
19:19 Horse Collar
21:06 Heavy Plow
21:17 Bow Saw
21:40 Fletching
23:52 Bodkin Arrow
24:42 Ballistics
25:07 Padded Archer Armor
28:40 Leather Archer Armor
32:20 Wheelbarrow
33:11 Malon
38:27 Imperial Age
36:25 Town Watch
38:43 Hand Cart
38:38 Elite Bolas Rider
40:03 Ring Archer Armor
39:32 Capped Ram
41:28 Chemistry
42:09 Scale Mail Armor
42:20 Forging
43:47 Conscription
43:46 Chain Mail Armor
44:30 Siege Engineers
44:36 Masonry
45:36 Elite Skirmisher
46:53 Plate Mail Armor
RoomOnFire
10:59 Feudal Age
14:31 Castle Age
12:36 Horse Collar
13:07 Loom
13:12 Double-Bit Axe
20:34 Husbandry
20:55 Town Watch
24:00 Scale Barding Armor
24:52 Bloodlines
25:27 Wheelbarrow
25:56 Chain Barding Armor
27:23 Forging
30:05 Bow Saw
29:46 Gold Mining
29:47 Stone Mining
30:53 Iron Casting
30:34 Hand Cart
36:39 Imperial Age
36:46 Cavalier
38:18 Plate Barding Armor
37:11 Cavalier
38:24 Fortified Wall
38:25 Masonry
39:06 Elite Boyar
39:13 Elite Boyar
40:16 Conscription
40:20 Caravan
40:08 Pikeman
40:48 Squires
40:49 Scale Mail Armor
41:49 Blast Furnace
41:11 Siege Engineers
42:08 Capped Ram
42:59 Siege Ram
43:59 Chain Mail Armor
43:05 Halberdier
45:44 Light Cavalry
undefined
10:49 Feudal Age
14:29 Castle Age
12:50 Double-Bit Axe
19:48 Bow Saw
20:11 Horse Collar
24:41 Loom
25:35 Wheelbarrow
27:03 Bloodlines
26:56 Husbandry
27:49 Bloodlines
28:09 Padded Archer Armor
34:03 Imperial Age
32:30 Leather Archer Armor
33:17 Hand Cart
32:48 Town Watch
33:04 Heavy Plow
34:20 Elite Conquistador
35:31 Ring Archer Armor
36:15 Conscription
37:27 Light Cavalry
38:11 Hussar
38:57 Scale Barding Armor
40:37 Chain Barding Armor
42:06 Plate Barding Armor
42:48 Caravan
44:52 Forging
DL-ĐệNhị
10:36 Feudal Age
12:18 Loom
15:25 Castle Age
13:42 Double-Bit Axe
14:15 Horse Collar
16:46 Bow Saw
18:20 Wheelbarrow
23:02 Husbandry
24:07 Bloodlines
24:27 Padded Archer Armor
26:30 Leather Archer Armor
27:20 Town Watch
30:33 Hand Cart
30:24 Heavy Plow
37:39 Imperial Age
37:59 Imperial Age
36:30 Fletching
38:20 Elite Conquistador
39:21 Conscription
39:52 Ring Archer Armor
38:44 Light Cavalry
44:05 Masonry
43:52 Bodkin Arrow
46:33 Bracer
47:36 Chemistry
47:00 Ballistics
Bis
8:55 Feudal Age
9:23 Horse Collar
9:31 Double-Bit Axe
18:18 Wheelbarrow
18:27 Wheelbarrow
17:47 Gold Mining
18:06 Loom
22:22 Castle Age
20:52 Scale Barding Armor
21:02 Forging
21:39 Bloodlines
23:17 Hand Cart
23:29 Chain Barding Armor
23:45 Iron Casting
23:26 Heavy Plow
23:36 Bow Saw
24:04 Gold Shaft Mining
28:11 Town Watch
34:00 Imperial Age
34:22 Cavalier
35:49 Plate Barding Armor
35:57 Crop Rotation
36:28 Two-Man Saw
35:14 Light Cavalry
36:32 Stone Mining
38:35 Blast Furnace
38:09 Paladin
42:23 Hussar
48:11 Steppe Husbandry
NaiLiu
6:00 Loom
8:55 Feudal Age
8:56 Man-at-Arms
14:42 Arson
16:35 Double-Bit Axe
17:01 Horse Collar
19:12 Wheelbarrow
22:23 Gold Mining
25:04 Castle Age
25:25 Fletching
26:06 Bow Saw
25:45 Town Watch
26:13 Medium Warships
26:17 Bodkin Arrow
31:45 Hand Cart
31:32 Heavy Plow
33:26 Guard Tower
42:30 Imperial Age
40:14 Thumb Ring
40:47 Ballistics
40:46 Padded Archer Armor
41:52 Leather Archer Armor
42:34 Masonry
42:43 Bloodlines
42:34 Husbandry
43:31 Gold Shaft Mining
42:47 Stone Mining
43:13 Bracer
44:15 Chemistry
44:48 Keep
45:12 Yasama
45:32 Conscription
45:12 Treadmill Crane
46:51 Ring Archer Armor
45:56 Elite Skirmisher
48:29 Two-Man Saw
VNS_Alibaba_
11:19 Feudal Age
15:20 Castle Age
13:08 Double-Bit Axe
13:38 Horse Collar
14:38 Gold Mining
16:24 Bow Saw
17:02 Heavy Plow
17:16 Loom
20:10 Fletching
25:31 Wheelbarrow
28:44 Hand Cart
28:51 Bodkin Arrow
32:39 Imperial Age
30:47 Bodkin Arrow
30:53 Padded Archer Armor
31:07 Padded Archer Armor
31:27 Town Watch
31:35 Stone Mining
32:44 Leather Archer Armor
32:56 Forging
32:46 Scale Mail Armor
33:08 Leather Archer Armor
33:02 Thumb Ring
33:24 Elite Genoese Crossbowman
34:41 Bracer
36:37 Ring Archer Armor
36:41 Ballistics
36:47 Ballistics
37:32 Chemistry
37:36 Conscription
38:20 Hoardings
38:20 Masonry
37:51 Treadmill Crane
40:56 Hoardings
41:53 Coinage
42:57 Caravan
43:28 Banking
45:24 Two-Man Saw
Connection lost

Rejoining the realm…

Still unreachable

The connection could not be restored.

Session expired

The server has moved on; the page needs a fresh start.